 Dungeon Crawl Stone Soup version 0.28-a0-861-ge64d6db94f (webtiles) character file.

Game seed: 4457647568908974441

212 vurker the Gusty (level 5, -3/45 HPs)
             Began as a Tengu Air Elementalist on Nov 15, 2021.
             Was an Initiate of Vehumet.
             Slain by a water moccasin (8 damage)
             ... on level 4 of the Dungeon.
             The game lasted 00:03:29 (4244 turns).

vurker the Gusty (Tengu Air Elementalist)           Turns: 4244, Time: 00:03:30

Health: -3/45      AC:  2    Str:  9    XL:     5   Next: 90%
Magic:  11/11      EV: 14    Int: 16    God:    Vehumet [......]
Gold:   88         SH:  0    Dex: 14    Spells: 10/11 levels left

rFire   . . .      SeeInvis .   m - +0 dagger (freeze)
rCold   . . .      Faith    .   (no shield)
rNeg    . . .      Spirit   .   a - +0 robe
rPois   .          Reflect  .   f - +0 hat
rElec   .          Harm     .   (no cloak)
rCorr   .          Rampage  .   (no gloves)
Will    .....                   (boots unavailable)
Stlth   ..........              (no amulet)
HPRegen 0.15/turn               (no ring)
MPRegen 0.12/turn               (no ring)

@: berserking, lethally poisoned (-3 -> -20), flying quickly and evasively, very
quick
A: beak, talons 3, nimble flight
a: Renounce Religion


You were on level 4 of the Dungeon.
You worshipped Vehumet.
Vehumet was noncommittal.
You visited 1 branch of the dungeon, and saw 5 of its levels.

You collected 88 gold pieces.

Inventory:

Hand Weapons
 m - a +0 dagger of freezing (weapon)
   (You took it off a goblin on level 2 of the Dungeon)
Armour
 a - a +0 robe (worn)
 f - a +0 hat (worn)
   (You found it on level 1 of the Dungeon)
Magical Staves
 c - a staff of poison
   (You found it on level 1 of the Dungeon)
Scrolls
 b - 2 scrolls of enchant armour {unknown}
 d - 2 scrolls of identify {unknown}
 g - a scroll of amnesia {unknown}
 j - a scroll of fear {unknown}
 k - a scroll of blinking {unknown}
Potions
 e - a potion of berserk rage
 h - a potion of heal wounds {unknown}
 i - 2 potions of brilliance {unknown}
 l - 2 potions of cancellation {unknown}


   Skills:
 + Level 1.8 Fighting
 - Level 2.1 Dodging
 - Level 2.0 Stealth
 * Level 3.6 Spellcasting
 + Level 3.1 Conjurations
 * Level 5.8 Air Magic


You had 10 spell levels left.
You knew the following spells:

 Your Spells              Type           Power      Damage    Failure   Level
a - Shock                 Conj/Air       68%        1d7       2%          1

Your spell library contained the following spells:

 Spells                   Type           Power      Damage    Failure   Level
 Static Discharge         Conj/Air       17%        N/A       4%          2
 Swiftness                Air            21%        N/A       4%          3
 Airstrike                Air            10%        N/A       16%         4
 Petrify                  Tmut/Erth      2%         N/A       87%         4
 Metabolic Englaciation   Hex/Ice        1%         N/A       99%         5
 Statue Form              Tmut/Erth      1%         N/A       100%        6


Dungeon Overview and Level Annotations

Branches:
Dungeon (5/15)
 Temple: D:4-7

Altars:
Kikubaaqudgha
Vehumet


Innate Abilities, Weirdness & Mutations

You have a beak for a mouth.
You have claws for feet.
Your magical nature lets you fly swiftly and evasively.


Message History

An iguana, 2 orcs, an orc warrior and an orc priest come into view.
The orc shouts!
The iguana hisses angrily.
The orc priest shouts!
Found a rapier and a brass ring.
Found an escape hatch in the floor.
The iguana hisses menacingly.
Found 4 gold pieces, a scroll labelled KEAREO TAGOWN and 19 stones.
An adder comes into view.
Found a thin sapphire amulet.
Found 12 gold pieces and an orange potion.
Found a scroll labelled TYIBBOSOTO.
You see here a scroll labelled TYIBBOSOTO.
Found 23 bolts.
You reach down and open the door.
Found a scroll labelled VIRESTRAMUX and a white potion.
There is an open door here.
You see here a scroll labelled VIRESTRAMUX.
You see here 19 stones.
Found a club.
Found a stone staircase leading down.
A water moccasin comes into view.
A howler monkey comes into view.
Found a stone staircase leading up.
Found an escape hatch in the ceiling.
The howler monkey howls!
The water moccasin bites you.
You are poisoned.
The water moccasin poisons you!
You feel very sick.
The howler monkey hoots and howls with incredible vigour!
There is a stone staircase leading up here.
You feel very sick. The water moccasin closely misses you.
The howler monkey hoots and howls with incredible vigour!
You fly upwards.
You feel sick.
Found a pink potion.
Found a stone staircase leading up.
There is a stone staircase leading down here.
You feel sick. The water moccasin bites you.
* * * LOW HITPOINT WARNING * * *
You are lethally poisoned!
The water moccasin poisons you!
It was a potion of berserk rage.
A red film seems to cover your vision as you go berserk!
You feel yourself moving faster!
You feel mighty!
* * * LOW HITPOINT WARNING * * *
You feel very sick. The water moccasin closely misses you.
You barely miss the water moccasin.
* * * LOW HITPOINT WARNING * * *
You feel very sick. The water moccasin bites you!
You die...

#########
#......!#
+.......#
..#.....@.#
.......S###
.##......<+
#.#...#.#
...s...#.#
..###.... #
#...# ##..#
#...


You could see a water moccasin and a scorpion.

Vanquished Creatures
  A hound (D:3)
  Natasha (thrice) (D:2)
  Robin (D:2)
  2 gnolls
  An adder skeleton (D:2)
  3 dart slugs (D:2)
  7 endoplasms
  4 giant cockroaches
  18 goblins
  6 hobgoblins
  A quokka (D:2)
  4 ball pythons
  5 bats
  4 frilled lizards
  6 kobolds
  6 rats (D:2)
72 creatures vanquished.

Notes
Turn   | Place    | Note
-------+----------+-------------------------------------------
     0 | D:1      | vurker the Tengu Air Elementalist began the quest for the
                  | Orb.
     0 | D:1      | Reached XP level 1. HP: 10/10 MP: 4/4
   309 | D:1      | Reached XP level 2. HP: 15/15 MP: 1/6
  1142 | D:2      | Found a faded altar of an unknown god.
  1151 | D:2      | Reached XP level 3. HP: 20/20 MP: 4/7
  1350 | D:2      | Reached skill level 1 in Fighting
  1492 | D:2      | Noticed Robin
  1502 | D:2      | Killed Robin
  1634 | D:2      | Reached XP level 4. HP: 25/25 MP: 7/9
  2009 | D:2      | Reached skill level 5 in Air Magic
  2091 | D:2      | Found a radiant altar of Vehumet.
  2100 | D:2      | Became a worshipper of Vehumet
  2631 | D:2      | Noticed Natasha
  2635 | D:2      | Killed Natasha
  2636 | D:2      | Gained mutation: Your magical nature lets you fly swiftly
                  | and evasively. [Tengu growth]
  2636 | D:2      | Reached XP level 5. HP: 28/29 MP: 5/10
  2803 | D:2      | Noticed Natasha
  2810 | D:2      | Killed Natasha
  3093 | D:2      | Found a faded altar of an unknown god.
  3160 | D:2      | Found a radiant altar of Vehumet.
  3314 | D:2      | Noticed Natasha
  3319 | D:2      | Killed Natasha
  4105 | D:3      | Found an ancient bone altar of Kikubaaqudgha.
  4108 | D:3      | You are sucked into a shaft and drop 2 floors!
  4108 | D:5      | Entered Level 5 of the Dungeon
  4108 | D:5      | Noticed an orc warrior
  4231 | D:5      | Noticed a water moccasin
  4244 | D:4      | Slain by a water moccasin

Illustrated notes

Levels and vault maps discovered:
D:1:      dpeg_arrival_rooms_b, layout_basic
D:2:      minmay_razor_zed, layout_basic, basic_altar,
          hellmonk_ecumenical_altar_zigzags, chequers_serial_rivers_large_a,
          uniq_robin, uniq_natasha
D:3:      layout_basic, lightli_temple_of_fire,
          nicolae_kikubaaqudgha_miasma_corner,
          mainiacjoe_overflow_surrounded_room,
          amcnicky_mini_rare_corridor_liquid, minivault_24, minmay_distorted
D:4:      layout_basic
D:5:      layout_basic, hangedman_decor_peaks_small

Skill      XL: |  1  2  3  4  5 |
---------------+----------------+-----
Conjurations   | 2 3 |  3.1
Fighting       | 1 |  1.8
Air Magic      | 5 |  5.8
Spellcasting   | 3 |  3.6
Dodging        | |  2.1
Stealth        | |  2.0

Action                   |  1- 3 |  4- 6 || total
-------------------------+-------+-------++-------
Melee: Unarmed           |     5 |       ||     5
       Peck              |     1 |     2 ||     3
       Dagger            |     1 |    13 ||    14
       Kick              |       |     3 ||     3
 Cast: Shock             |    60 |    69 ||   129
  Use: Potion            |       |     1 ||     1
 Stab: Sleeping          |       |     1 ||     1
Armor: Robe              |     2 |     4 ||     6
Dodge: Dodged            |     7 |    15 ||    22

Table legend: (Time is in decaauts)
 A = Elapsed time spent in this place.
 B = Non-inter-level travel time spent in this place.
 C = Inter-level travel time spent in this place.
 D = Time resting spent in this place.
 E = Time spent auto-exploring this place.
 F = Levels seen in this place.
 G = Mean time per level.
                   A        B        C        D        E       F      G
               +--------+--------+--------+--------+--------+-----+--------+
         Total |   4120 |   3987 |    133 |      0 |   3526 |   5 |  824.0 |
       Dungeon |   4120 |   3987 |    133 |      0 |   3526 |   5 |  824.0 |
               +--------+--------+--------+--------+--------+-----+--------+

Top non-repeatable levels by time:
     D:2: 2677 daAuts
     D:1: 1069 daAuts
     D:3: 250 daAuts
     D:5: 119 daAuts
     D:4: 2 daAuts
